 Dungeon Crawl Stone Soup version 0.29.0-4-gdea44cf6ec (webtiles) character file.

Game seed: 3824473021394082479

282 Flugkiller the Chopper (level 6, -8/56 HPs)
             Began as a Minotaur Fighter on Aug 27, 2022.
             Mangled by an ogre
             ... wielding a +0 giant spiked club
              (24 damage)
             ... on level 4 of the Dungeon.
             The game lasted 00:01:35 (3208 turns).

Flugkiller the Chopper (Minotaur Fighter)           Turns: 3208, Time: 00:01:36

Health: -8/56      AC:  8    Str: 21    XL:     6   Next: 6%
Magic:  5/5        EV:  9    Int:  5    God:
Gold:   184        SH:  4    Dex: 11    Spells: 5/5 levels left

rFire   . . .      SeeInvis .   a - +0 war axe
rCold   . . .      Faith    .   c - +0 buckler
rNeg    . . .      Spirit   .   b - +0 scale mail
rPois   .          Reflect  .   (helmet restricted)
rElec   .          Harm     .   (no cloak)
rCorr   .          Rampage  .   (no gloves)
Will    .....                   t - +0 pair of boots
Stlth   ..........              j - amulet of regeneration
HPRegen 0.98/turn               (no ring)
MPRegen 0.09/turn               (no ring)

@: no status effects
A: horns 2, retaliatory headbutt
a: no special abilities


You were on level 4 of the Dungeon.
You visited 1 branch of the dungeon, and saw 4 of its levels.

You collected 184 gold pieces.

Inventory:

Hand Weapons
 a - a +0 war axe (weapon)
Armour
 b - a +0 scale mail (worn)
 c - a +0 buckler (worn)
 t - a +0 pair of boots (worn)
   (You found it on level 2 of the Dungeon)
Jewellery
 j - an amulet of regeneration (around neck)
   (You found it on level 1 of the Dungeon)
Scrolls
 e - 3 scrolls of magic mapping {unknown}
 f - a scroll of blinking {unknown}
 g - 3 scrolls of identify {unknown}
 h - 4 scrolls of teleportation {unknown}
 k - a scroll of enchant armour {unknown}
 l - a scroll of summoning {unknown}
 n - a scroll of acquirement {unknown}
 p - 2 scrolls of noise {unknown}
 s - 2 scrolls of brand weapon {unknown}
 w - a scroll of butterflies {unknown}
 x - 2 scrolls of enchant weapon {unknown}
 y - a scroll of vulnerability {unknown}
Potions
 d - a potion of might
 i - 3 potions of heal wounds {unknown}
 m - 6 potions of curing {unknown}
 o - 2 potions of degeneration {unknown}
 q - 3 potions of berserk rage {unknown}
 r - a potion of magic {unknown}
 u - a potion of brilliance {unknown}
 v - 2 potions of mutation {unknown}


   Skills:
 + Level 5.1 Fighting
 * Level 5.7 Axes
 + Level 5.1 Armour
 - Level 3.6 Shields


You had 5 spell levels left.
You didn't know any spells.
Your spell library was empty.

Dungeon Overview and Level Annotations

Branches:
Dungeon (4/15)
 Temple: D:4-7

Altars:

Shops:
D:4 :


Innate Abilities, Weirdness & Mutations

You have a pair of horns on your head.
You reflexively headbutt those who attack you in melee.


Message History

The hobgoblin misses you.
You hit the hobgoblin.
The hobgoblin is almost dead.
The hobgoblin barely misses you. You block the hobgoblin's attack.
You slash the hobgoblin!
You kill the hobgoblin!
No target in view!
No target in view!
No target in view!
No target in view!
No target in view!
No target in view!
Found Vewkuif's Self-Improvement Boutique.
q - 3 bubbling purple potions (gained 1)
There is an entrance to Vewkuif's Self-Improvement Boutique here.
You can access your shopping list by pressing '$'.
x - 2 scrolls labelled FAKLYO CYMARU (gained 1)
g - 3 scrolls labelled ORYCWE ETACAI (gained 1)
Found an escape hatch in the ceiling.
You open the door.
There is an open door here.
y - a scroll labelled BYEROM GOOSYL A kobold comes into view.
It is wielding a +0 club.
The kobold shouts!
A kobold is nearby!
The kobold hits you with a +0 club.
You slash the kobold!
You kill the kobold!
No target in view!
No target in view!
No target in view!
No target in view!
No target in view!
You see here a +0 club.
A hound comes into view.
The hound barks!
A hound is nearby!
A hound is nearby!
The hound bites you.
You slash the hound!
The hound is almost dead.
The hound bites you but does no damage.
You barely miss the hound. Your headbutt misses the hound.
The hound is almost dead.
You block the hound's attack. The hound bites you but does no damage.
You miss the hound.
The hound is almost dead.
The hound bites you but does no damage. x2
You closely miss the hound.
The hound is almost dead.
The hound barely misses you. The hound completely misses you.
You furiously retaliate!
You headbutt the hound!
You kill the hound!
You have reached level 6!
Found a club.
You see here a +0 club.
You now have 184 gold pieces (gained 7).
Found a stone staircase leading down.
o - 2 grey potions (gained 1)
There is a stone staircase leading down here.
Found a stone staircase leading up.
No target in view!
No target in view!
No target in view!
No target in view!
No target in view!
No target in view!
No target in view!
An ogre comes into view. It is wielding a +0 giant spiked club.
An ogre is nearby!
An ogre is nearby!
You see here an amulet of magic regeneration.
An endoplasm and a goblin come into view.
Found 3 stones.
Found a stone staircase leading down.
The endoplasm quivers.
The ogre hits you with a +0 giant spiked club!
You hit the ogre.
The ogre is lightly wounded.
The ogre completely misses you. You furiously retaliate!
You headbutt the ogre. You hit the ogre but do no damage.
You headbutt the ogre!
The ogre is heavily wounded.
You hit the ogre but do no damage.
The ogre is heavily wounded.
The ogre hits you with a +0 giant spiked club!
You barely miss the ogre. You headbutt the ogre.
The ogre is heavily wounded.
The ogre hits you with a +0 giant spiked club!!
* * * LOW HITPOINT WARNING * * *
You are too injured to fight recklessly!
Unknown command.
You aren't carrying any items that you can evoke.
Unknown command.
You completely miss the ogre.
The ogre is heavily wounded.
The ogre closely misses you.
Unknown command.
You slash the ogre! Your headbutt misses the ogre.
The ogre is almost dead.
The ogre hits you with a +0 giant spiked club!!
You die...

###### #.# .....# #.#
.....# #.# .....#
#.######### #'####
#.#.......# #.#
#.#.#####"#
..######.#.#####@#
...............<.Og(>...
#.########.#.#.#.#.#.#.#
.............#.#.....
......###....# ##. ...
#.###...#....# .....#~
#.# ###......# .. ..#~
#.#######....# .....#.
#.#.......#..#


You could see an ogre and a goblin.

Vanquished Creatures
  A hound (D:4)
  Terence (D:3)
  Robin (D:3)
  3 gnolls (D:3)
  8 adders
  2 worms (D:2)
  2 dart slugs (D:2)
  An orc (D:4)
  8 ball pythons
  5 endoplasms
  7 giant cockroaches
  16 goblins
  10 hobgoblins
  7 jackals (D:1)
  4 quokkas
  4 bats
  8 frilled lizards
  9 kobolds
  7 rats
104 creatures vanquished.

Vanquished Creatures (others)
  21 fungi (D:4)
21 creatures vanquished.

Grand Total: 125 creatures vanquished

Notes
Turn   | Place    | Note
-------+----------+-------------------------------------------
     0 | D:1      | Flugkiller the Minotaur Fighter began the quest for the
                  | Orb.
     0 | D:1      | Reached XP level 1. HP: 19/19 MP: 0/0
     3 | D:1      | Noticed an electric eel
     4 | D:1      | Noticed an electric eel
   211 | D:1      | Reached XP level 2. HP: 27/27 MP: 1/1
   712 | D:1      | Found a faded altar of an unknown god.
   769 | D:1      | Reached XP level 3. HP: 31/33 MP: 2/2
  1334 | D:2      | Reached XP level 4. HP: 40/40 MP: 3/3
  2107 | D:3      | Noticed Robin
  2127 | D:3      | Reached XP level 5. HP: 31/47 MP: 4/4
  2139 | D:3      | Killed Robin
  2140 | D:3      | Reached skill level 5 in Axes
  2196 | D:3      | Noticed Terence
  2212 | D:3      | Killed Terence
  2614 | D:3      | Reached skill level 5 in Armour
  2711 | D:3      | Identified the +1 ring mail of Stoicism {Rampage rPois
                  | Str-4 Int+7}
  2866 | D:4      | Reached skill level 5 in Fighting
  3040 | D:4      | Found Vewkuif's Self-Improvement Boutique.
  3113 | D:4      | Reached XP level 6. HP: 56/56 MP: 5/5
  3208 | D:4      | Mangled by an ogre

Illustrated notes

Levels and vault maps discovered:
D:1:      arrival_aquarium_b, layout_loops_corners,
          ebering_ecumenical_altar_mist, minivault_27
D:2:      minmay_razor_zed, layout_loops_corners
D:3:      layout_basic, uniq_robin, uniq_terence
D:4:      layout_basic, serial_aquarium, aquarium_bridge_long_separate
          [aquarium_subvault_bridge, aquarium_subvault_wall,
          aquarium_subvault_bridge, aquarium_subvault_balcony,
          aquarium_subvault_bridge, aquarium_subvault_bridge],
          aquarium_bridge_square [aquarium_subvault_wall,
          aquarium_subvault_wall, aquarium_subvault_bridge,
          aquarium_subvault_balcony], aquarium_window_1, aquarium_window_3,
          aquarium_view_2f, aquarium_balcony_5b, aquarium_pool_S,
          nicolae_shop_self_help

Skill      XL: |  1  2  3  4  5 |
---------------+----------------+-----
Axes           | 3 4 5 |  5.7
Fighting       | 4 5 |  5.1
Armour         | 4 5 |  5.1
Shields        | |  3.6

Action                   |  1- 3 |  4- 6 || total
-------------------------+-------+-------++-------
Melee: War axe           |   100 |   125 ||   225
       Headbutt          |    12 |    16 ||    28
Armor: Scale mail        |    42 |    68 ||   110
Dodge: Dodged            |    54 |    64 ||   118
Block: Buckler           |    23 |    24 ||    47
